AoeStats
← Phu Thuy

African Clearing

510556490Analyzed
4v4 RM · 7h ago on Oct 1, 2026· 27m 34s· 8 players
Game mode
Random Map
Map size
Large (8 player)
Population
200
Speed
Normal
Resources
Standard
Victory
Conquest
Starting age
Dark Age
Ending age
Imperial Age
RankedLock teamsTeams togetherTeam positionsShared explorationLock speedFull tech treeHidden civsTurbo modeCheats
Victory
Defeat
🇻🇳 Huns · Vietnam
1325
+10
🇻🇳 Jurchens · Vietnam
1257
+12
🇻🇳 Cumans · Vietnam
1197
+15
🇻🇳 Celts · Vietnam
1129
+16
🇨🇳 Saracens · China
1208
-15
🇹🇼 Persians · Taiwan
1189
-14
🇨🇳 Magyars · China
1166
-13
🇨🇳 Franks · China
1112
-11
Ta.ToM
9:54 Loom
14:08 Feudal Age
15:05 Double-Bit Axe
19:01 Castle Age
18:09 Scale Barding Armor
18:12 Gold Mining
18:35 Town Watch
19:57 Wheelbarrow
19:42 Bow Saw
20:22 Horse Collar
22:19 Heavy Plow
25:19 Hand Cart
27:05 Stone Mining
27:07 Fletching
屋顶上的轻骑兵
3:42 Loom
4:59 Loom
14:33 Feudal Age
19:56 Castle Age
18:42 Double-Bit Axe
19:53 Forging
21:40 Scale Barding Armor
精锐磁暴步兵
13:08 Loom
17:09 Feudal Age
17:41 Double-Bit Axe
20:29 Fishing Lines
Gim
13:15 Feudal Age
15:18 Loom
18:21 Castle Age
16:31 Double-Bit Axe
19:11 Crossbowman
20:23 Fletching
24:47 Bodkin Arrow
kw3dsky
7:11 Loom
15:22 Feudal Age
20:04 Castle Age
18:08 Double-Bit Axe
18:59 Gold Mining
19:02 Stone Mining
Tin's
8:14 Loom
14:11 Feudal Age
16:27 Double-Bit Axe
17:22 Horse Collar
25:04 Wheelbarrow
30:03 Castle Age
Phu Thuy
12:39 Feudal Age
16:30 Castle Age
14:33 Double-Bit Axe
14:33 Horse Collar
19:54 Loom
23:08 Bow Saw
23:41 Heavy Plow
24:17 Gold Mining
24:26 Stone Mining
26:31 Wheelbarrow
26:24 Town Watch
27:45 Hand Cart
28:11 Scale Barding Armor
TanLN
4:44 Loom
12:15 Feudal Age
18:26 Castle Age
16:54 Double-Bit Axe
17:35 Fletching
19:04 Bodkin Arrow
Connection lost

Rejoining the realm…

Still unreachable

The connection could not be restored.

Session expired

The server has moved on; the page needs a fresh start.